 Dungeon Crawl Stone Soup version 0.19-a0-1903-gead39cf (webtiles) character file.

16524 LORDOFBUTT the Cleaver (level 12, -18/106 HPs)
             Began as a Minotaur Fighter on Oct 20, 2016.
             Was an Initiate of Gozag.
             Demolished by a cyclops (25 damage)
             ... on level 12 of the Dungeon.
             The game lasted 00:15:59 (11683 turns).

LORDOFBUTT the Cleaver (Minotaur Fighter)          Turns: 11683, Time: 00:15:59

Health: -18/106    AC: 21    Str: 27    XL:     12   Next: 10%
Magic:  12/12      EV: 10    Int:  5    God:    Gozag
Gold:   999        SH:  0    Dex: 14    Spells: 0 memorised, 11 levels left

rFire  + + .     SeeInvis .     Q - +8 battleaxe of Joucetz {chop, Str+5}
rCold  . . .     Gourm    .     L - +2 plate armour "Veschoku" {MR+}
rNeg   . . .     Faith    .     (shield currently unavailable)
rPois  .         Spirit   .     (helmet restricted)
rElec  .         Reflect  .     a - +0 cloak
rCorr  .         Harm     .     (no gloves)
MR     +....                    F - +2 pair of boots
Stlth  ..........               (no amulet)
                                X - ring of protection from fire
                                w - ring of protection from fire

@: no status effects
A: retaliatory headbutt, horns 2
a: Potion Petition, Call Merchant, Bribe Branch, Renounce Religion


You were on level 12 of the Dungeon.
You worshipped Gozag.
Gozag was pleased with you.
You were not hungry.

You visited 2 branches of the dungeon, and saw 13 of its levels.

You collected 2403 gold pieces.
You spent 379 gold pieces at shops.
You paid 1025 gold pieces to Gozag.

Inventory:

Hand Weapons
 y - a +1 war axe of freezing
 Q - the +8 battleaxe of Joucetz (weapon) {chop, Str+5}
   (You bought it in a shop on level 11 of the Dungeon)

   It inflicts extra damage upon your enemies.
   It affects your strength (+5).
Armour
 a - a +0 cloak (worn)
 b - a +0 scale mail
 c - a +1 shield
 F - a +2 pair of boots (worn)
 L - the +2 plate armour "Veschoku" (worn) {MR+}
   (You found it on level 7 of the Dungeon)

   It affects your resistance to hostile enchantments.
Jewellery
 w - a ring of protection from fire (left hand)
 B - an uncursed ring of ice
 X - a ring of protection from fire (right hand)
Wands
 d - a wand of iceblast (13/15)
 e - a wand of paralysis (11/24)
 p - a wand of random effects (15/48)
 q - a wand of iceblast (5/15)
 x - a wand of paralysis (13/24)
 A - a wand of confusion (21/48)
 D - a wand of iceblast (6/15)
 G - a wand of acid (7/15)
 I - a wand of iceblast (1/15)
 K - a wand of digging (13/24)
 N - a wand of lightning (4/15)
 O - a wand of flame (23/48)
 U - a wand of polymorph (18/24)
 V - a wand of paralysis (11/24)
Scrolls
 h - a scroll of remove curse
 j - 7 scrolls of teleportation
 o - a scroll of fog
 r - a scroll of blinking {unknown}
 C - a scroll of random uselessness {unknown}
 H - a scroll of summoning {unknown}
 M - 4 scrolls of identify
 Y - a scroll of noise {unknown}
Potions
 g - a potion of berserk rage {unknown}
 i - 2 potions of lignification {unknown}
 k - a potion of cure mutation {unknown}
 l - 2 potions of flight {unknown}
 m - 5 potions of curing
 n - a potion of beneficial mutation {unknown}
 s - 4 potions of mutation {unknown}
 t - a potion of invisibility {unknown}
 u - 8 potions of degeneration
 v - 3 potions of ambrosia {unknown}
 P - a potion of cancellation {unknown}
Books
 z - a book of Air

   Spells                             Type                      Level
   a - Shock                          Conjuration/Air              1
   b - Swiftness                      Charms/Air                   2
   c - Repel Missiles                 Charms/Air                   2
   d - Static Discharge               Conjuration/Air              3
   e - Lightning Bolt                 Conjuration/Air              5
 J - a book of Frost

   Spells                             Type                      Level
   a - Freeze                         Ice                          1
   b - Throw Frost                    Conjuration/Ice              2
   c - Ozocubu's Armour               Charms/Ice                   3
   d - Throw Icicle                   Conjuration/Ice              4
   e - Summon Ice Beast               Ice/Summoning                4
 T - a book of Battle

   Spells                             Type                      Level
   a - Infusion                       Charms                       1
   b - Shroud of Golubria             Charms/Translocation         2
   c - Song of Slaying                Charms                       2
   d - Spectral Weapon                Hexes/Charms                 3
   e - Regeneration                   Charms/Necromancy            3
Miscellaneous
 W - a sack of spiders
Comestibles
 f - 7 bread rations
 E - 3 meat rations
 R - 6 beef jerkies
 S - a slice of pizza


   Skills:
 + Level 10.1 Fighting
 + Level 14.7 Axes
 + Level 10.1 Armour
 + Level 5.7 Dodging
 + Level 2.9 Stealth
 - Level 10.3 Shields
 * Level 1.9 Evocations


You had 11 spell levels left.
You didn't know any spells.

Dungeon Overview and Level Annotations

Branches:
Dungeon (12/15)            Temple (1/1) D:4            Lair (0/6) D:10
    Orc (0/2) D:11

Altars:
Ashenzari
Cheibriados
Dithmenos
Elyvilon
Fedhas
Gozag
Hepliaklqana
Kikubaaqudgha
Makhleb
Nemelex Xobeh
Okawaru
Qazlal
Ru
Sif Muna
Trog
Uskayaw
Vehumet
Xom
Yredelemnul
Zin
The Shining One

Shops:
D:11 (   D:12 *


Innate Abilities, Weirdness & Mutations

You reflexively headbutt those who attack you in melee.
You have a pair of horns on your head.


Message History

You are too injured to fight recklessly!
You are too injured to fight recklessly!
Okay, then.
The cyclops hits you but does no damage.
Found 17 stones.
Things that are here:
an uncursed shortbow; 12 arrows You slice the cyclops!!
Your headbutt misses the cyclops.
The cyclops is severely wounded.
A basilisk comes into view.
The basilisk hisses angrily.
You hit the cyclops.
The cyclops is severely wounded.
The cyclops hits you!!
* * * LOW HITPOINT WARNING * * *
You hit the cyclops. You headbutt the cyclops.
The cyclops is almost dead.
The cyclops hits you!!
You die...
Your body crumbles into a pile of gold.

#.....# #...$.# #....$#
#.....# ###....(#
#####.......#
.........#.#####
#######$##)$.$...# ...#
#.(.@#####.#
#########.#####lC# ..#
......(.......(..' ∩.'.
###.#.#.#......#.#(..#.#
..#.#.# +..)...#.#####.#
#.#.#.# #......#.. .. #
#.....###......##.. ..
###........##### #. .. #
#........+ ..


You could see a cyclops and a basilisk.

Vanquished Creatures
  The ghost of dialectric the Stickfighter, a journeyman MiGl of Qazlal (D:9)
  The ghost of Thraspic the Destroyer, a novice TrCj of the Shining One (D:11)
  The ghost of acidosis1 the Carver, a novice MiFi of Okawaru (D:8)
  An unseen horror (D:10)
  4 hill giants
  2 deep elf magi (D:9)
  2 ugly things
  Maurice (D:11)
  2 gargoyles (D:12)
  2 trolls (D:12)
  A two-headed ogre (D:8)
  Prince Ribbit (D:6)
  A spriggan (D:7)
  A wyvern (D:12)
  12 yaks
  A hungry ghost (D:11)
  2 mottled dragons (D:11)
  2 hell hounds (D:10)
  A swamp drake (D:11)
  4 orc warriors
  2 black bears
  5 ice beasts
  3 sky beasts
  A phantom (D:9)
  2 eyes of draining
  2 necrophages
  4 centaurs
  6 ogres
  3 big kobolds
  4 bullfrogs
  A gnoll sergeant (D:5)
  A scorpion (D:4)
  6 killer bees (D:11)
  9 wights (D:10)
  4 howler monkeys
  3 crimson imps
  2 quasits
  2 bullfrog zombies
  A hound (D:8)
  3 jellies
  8 orc wizards
  6 orc priests
  5 bullfrog skeletons
  An iguana (D:4)
  4 centaur skeletons
  13 worker ants
  A hound zombie (D:6)
  A hound skeleton (D:6)
  3 worker ant zombies
  15 gnolls
  13 adders
  An adder skeleton (D:7)
  An adder zombie (D:8)
  2 worms
  2 dart slugs
  4 leopard geckos
  36 orcs
  2 ball pythons (D:5)
  7 bats
  4 giant cockroaches
  13 goblins
  A hobgoblin (D:3)
  13 jackals
  22 kobolds
  4 quokkas
  2 frilled lizards (D:2)
  3 rats
294 creatures vanquished.

Vanquished Creatures (others)
  An orc wizard (D:11)
1 creature vanquished.

Grand Total: 295 creatures vanquished

Notes
Turn   | Place    | Note
-------+----------+-------------------------------------------
     0 | D:1      | LORDOFBUTT the Minotaur Fighter began the quest for the Orb.
     0 | D:1      | Reached XP level 1. HP: 19/19 MP: 0/0
    82 | D:1      | Reached XP level 2. HP: 27/27 MP: 1/1
   250 | D:1      | Reached skill level 3 in Axes
   551 | D:2      | Reached XP level 3. HP: 33/33 MP: 2/2
  1131 | D:2      | Reached XP level 4. HP: 31/40 MP: 3/3
  1297 | D:3      | Found a shadowy altar of Dithmenos.
  1419 | D:3      | Found an opulent altar of Gozag.
  1420 | D:3      | Found a bloodstained altar of Trog.
  1600 | D:3      | Reached skill level 1 in Dodging
  2131 | D:4      | Found a glowing golden altar of the Shining One.
  2142 | D:4      | Found a staircase to the Ecumenical Temple.
  2153 | D:4      | Reached skill level 4 in Axes
  2153 | D:4      | Reached XP level 5. HP: 41/47 MP: 4/4
  2169 | D:4      | Reached skill level 5 in Shields
  2449 | D:4      | Found an iron altar of Okawaru.
  2606 | D:4      | Reached XP level 6. HP: 52/55 MP: 5/5
  2609 | D:4      | Reached skill level 5 in Fighting
  2720 | D:5      | Entered Level 5 of the Dungeon
  2764 | Temple   | Entered the Ecumenical Temple
  3076 | D:3      | Became a worshipper of Gozag Ym Sagoz the Greedy
  3229 | D:5      | Reached skill level 5 in Axes
  3312 | D:5      | Reached XP level 7. HP: 61/61 MP: 6/6
  3436 | D:5      | Reached skill level 6 in Axes
  3905 | D:5      | Reached skill level 7 in Axes
  4094 | D:6      | Noticed Prince Ribbit
  4094 | D:6      | Reached XP level 8. HP: 66/70 MP: 7/7
  4287 | D:6      | Reached skill level 5 in Armour
  4436 | D:6      | Reached skill level 8 in Axes
  4454 | D:6      | Killed Prince Ribbit
  4756 | D:6      | Reached skill level 9 in Axes
  5622 | D:7      | Reached XP level 9. HP: 70/78 MP: 8/8
  6176 | D:8      | Noticed acidosis1's ghost (novice MiFi)
  6252 | D:8      | Reached skill level 10 in Axes
  6252 | D:8      | Reached skill level 1 in Stealth
  7013 | D:8      | Killed acidosis1's ghost
  7013 | D:8      | Reached skill level 11 in Axes
  7013 | D:8      | Reached XP level 10. HP: 86/88 MP: 9/9
  7084 | D:9      | Noticed dialectric's ghost (journeyman MiGl)
  7515 | D:9      | Noticed a red ugly thing
  7547 | D:8      | Killed a green ugly thing
  7811 | D:9      | Noticed a deep elf mage
  7821 | D:9      | Killed a deep elf mage
  7870 | D:9      | Noticed a deep elf mage
  7889 | D:9      | Killed a deep elf mage
  7889 | D:9      | Reached skill level 12 in Axes
  7953 | D:10     | Entered Level 10 of the Dungeon
  8141 | D:10     | Found a staircase to the Lair.
  8202 | D:10     | Reached skill level 5 in Dodging
  8832 | D:10     | Found a shattered altar of Ashenzari.
  8937 | D:10     | Killed an unseen horror
  8984 | D:10     | Noticed a hill giant
  8993 | D:10     | Killed a hill giant
  8993 | D:10     | Reached XP level 11. HP: 45/95 MP: 10/10
  9492 | D:11     | Noticed a hill giant
  9508 | D:11     | Killed a hill giant
  9508 | D:11     | Reached skill level 13 in Axes
  9813 | D:7      | Got a polished plate armour
  9824 | D:7      | Identified the +2 plate armour "Veschoku" {MR+} (You found it on level 7 of the Dungeon)
  9897 | D:9      | Killed dialectric's ghost
 10377 | D:11     | Noticed a hill giant
 10378 | D:11     | Found an iron altar of Okawaru.
 10384 | D:11     | Killed a hill giant
 10384 | D:11     | Reached skill level 10 in Shields
 10388 | D:11     | Noticed Thraspic's ghost (novice TrCj)
 10422 | D:11     | Killed Thraspic's ghost
 11030 | D:11     | Bought a translucent battleaxe for 379 gold pieces
 11038 | D:11     | Identified the +8 battleaxe of Joucetz {chop, Str+5} (You bought it in a shop on level 11 of the Dungeon)
 11076 | D:11     | Found a staircase to the Orcish Mines.
 11088 | D:11     | Reached skill level 14 in Axes
 11262 | D:11     | Noticed Maurice
 11280 | D:11     | Killed Maurice
 11433 | D:12     | Reached skill level 10 in Fighting
 11435 | D:12     | Reached skill level 10 in Armour
 11522 | D:12     | Reached skill level 1 in Evocations
 11531 | D:12     | Noticed a green ugly thing
 11535 | D:12     | Killed a green ugly thing
 11649 | D:12     | Noticed a hill giant
 11652 | D:12     | Reached XP level 12. HP: 86/106 MP: 10/12
 11664 | D:12     | Found Dira's Pet Rocks.
 11683 | D:12     | Demolished by a cyclops

Vault maps used:
D:1:      lightli_arrival_chessboard
D:2:      first_bread
D:3:      minitemple, grunt_dithmenos_smoke_and_mirrors
D:4:      kennysheep_mini_moat, okawaru_metal_pillars_1_2
D:5:      cheibrodos_thug_alley
D:6:      uniq_prince_ribbit1
D:7:      the_bakery, minivault_1
D:8:      minmay_unpleasant_kobolds
D:9:      kb_rosetta
D:10:     minmay_lair_entry_lava, basic_altar
D:11:     erik_orc_1, basic_altar, uniq_maurice
D:12:     guppyfry_shop_earth
Temple:   minmay_crystal_spiral_temple

Skill      XL: |  1  2  3  4  5  6  7  8  9 10 11 |
---------------+----------------------------------+-----
Axes           | 3 4 5 7 9 11 12 14 | 14.7
Shields        | 4 5 6 7 8 9 10 | 10.3
Armour         | 4 5 7 8 10 | 10.1
Fighting       | 4 5 6 7 8 10 | 10.1
Dodging        | 1 2 3 4 5 |  5.7
Stealth        | 1 2 |  2.9
Evocations     | 1 |  1.9

Action                   |  1- 3 |  4- 6 |  7- 9 | 10-12 || total
-------------------------+-------+-------+-------+-------++-------
Melee: War axe           |    79 |   121 |   278 |   371 ||   849
       Headbutt          |     9 |    26 |    57 |    98 ||   190
       Battleaxe         |       |       |       |    67 ||    67
Invok: Potion Petition   |       |       |     1 |     1 ||     2
       Call Merchant     |       |       |       |     1 ||     1
  Use: Scroll            |       |     5 |     4 |     3 ||    12
       Potion            |       |     2 |     2 |     5 ||     9
 Stab: Distracted        |       |       |     1 |     2 ||     3
       Confused          |       |       |       |     2 ||     2
  Eat: Chunk             |       |     2 |       |       ||     2
       Pizza             |       |     1 |       |     1 ||     2
       Bread ration      |       |     1 |     2 |     2 ||     5
       Fruit             |       |       |     2 |       ||     2
       Beef jerky        |       |       |     1 |       ||     1
       Meat ration       |       |       |       |     2 ||     2
Armor: Scale mail        |    40 |    53 |    98 |    95 ||   286
       Plate armour      |       |       |       |    81 ||    81
Dodge: Dodged            |    26 |    50 |    84 |   117 ||   277
Block: Shield            |    48 |    87 |   156 |   199 ||   490
